 Dungeon Crawl Stone Soup version 0.22-a0-469-gf26638a (webtiles) character file.

1236 4thArraOfDagon the Cleaver (level 8, -2/71 HPs)
             Began as a Hill Orc Fighter on June 13, 2018.
             Was a Believer of Beogh.
             Slain by a wight
             ... wielding a +1 short sword of electrocution
              (6 damage)
             ... on level 6 of the Dungeon.
             The game lasted 00:10:44 (2437 turns).

4thArraOfDagon the Cleaver (Hill Orc Fighter)       Turns: 2437, Time: 00:10:46

Health: -2/71      AC: 10    Str: 19    XL:     8   Next: 49%
Magic:  11/11      EV:  9    Int: 10    God:    Beogh [**....]
Gold:   278        SH:  0    Dex: 12    Spells: 7/7 levels left

rFire    . . .     SeeInvis .   a - +0 war axe
rCold    . . .     Gourm    .   (no shield)
rNeg     . . .     Faith    .   b - +0 scale mail
rPois    .         Spirit   .   r - +0 helmet
rElec    .         Reflect  .   t - +0 cloak
rCorr    .         Harm     .   l - +0 pair of gloves
MR       .....                  (no boots)
Stlth    +.........             (no amulet)
HPRegen  0.21/turn              h - ring of stealth
MPRegen  0.12/turn              q - +2 ring of dexterity (curse)

@: drained
A: no striking features
a: Smiting, Renounce Religion


You were on level 6 of the Dungeon.
You worshipped Beogh.
Beogh was pleased with you.
You were hungry.

You visited 1 branch of the dungeon, and saw 6 of its levels.

You collected 278 gold pieces.

Inventory:

Hand Weapons
 a - a +0 war axe (weapon)
Missiles
 g - 7 curare-tipped needles
Armour
 b - a +0 scale mail (worn)
 l - a +0 pair of gloves (worn)
 r - a +0 helmet (worn)
 t - a +0 cloak (worn)
 v - a +2 robe of magic resistance
Magical Staves
 k - an uncursed staff of conjuration {!a}
Jewellery
 h - a ring of stealth (left hand)
 q - a cursed +2 ring of dexterity (right hand)
Scrolls
 c - 6 scrolls of remove curse
 e - 2 scrolls of blinking {unknown}
 m - a scroll of immolation {unknown}
 n - 2 scrolls of teleportation
 s - 2 scrolls of identify
 x - a scroll of fear {unknown}
Potions
 d - a potion of might
 i - 2 potions of agility
 j - 3 potions of resistance
 o - a potion of flight
 w - a potion of curing
Comestibles
 f - 6 rations


   Skills:
 + Level 6.8(6.3) Fighting
 * Level 9.4(8.8) Axes
 - Level 5.0(4.4) Armour
   Level 3.2(2.7) Shields
 + Level 4.9(4.3) Invocations


You had 7 spell levels left.
You didn't know any spells.
Your spell library was empty.

Dungeon Overview and Level Annotations

Branches:
Dungeon (6/15)
 Temple: D:4-7

Altars:
Fedhas
Hepliaklqana
Okawaru


Message History

You closely miss the wight.
The wight is heavily damaged.
The wight barely misses you.
Unknown command.
You feel much better. The wight hits you but does no damage.
You are electrocuted!
* * * LOW HITPOINT WARNING * * *
You hit the wight but do no damage.
The wight is heavily damaged.
The wight hits you but does no damage.
You barely miss the wight.
The wight is heavily damaged.
The wight hits you with a short sword of electrocution.
* * * LOW HITPOINT WARNING * * *
You feel drained.
You are electrocuted!
* * * LOW HITPOINT WARNING * * *
You hit the wight.
The wight is severely damaged.
The wight hits you with a short sword of electrocution.
You die...

#..##..#..##.# #.# .....
.#..))#..).#.# #.# ....
..#..#.......# #.# #..
#..##..##.##.###.##.#.#.#.
#..##..##.##..............
(.#..#......W...Z##.......
.#....#....#####W# .......
#..##..#..## #z# .z.....
...##...#.# #@# ...>...
.........## #.# .......
########## #.. ....?!.
####.#.#.#.


You could see a phantom, a wight and an adder skeleton.

Vanquished Creatures
  A water moccasin (D:5)
  An orc warrior (D:6)
  A phantom (D:4)
  2 ogres
  A gnoll sergeant (D:6)
  2 scorpions
  A crimson imp (D:5)
  A quasit (D:5)
  A jelly (D:6)
  2 orc priests
  A hound (D:5)
  2 orc wizards (D:5)
  A bullfrog skeleton (D:4)
  2 iguanas
  Natasha (thrice) (D:2)
  A hound zombie (D:5)
  A howler monkey zombie (D:3)
  7 gnolls
  8 adders
  3 worms (D:3)
  2 dart slugs
  3 leopard geckos
  5 orcs
  A ball python (D:1)
  5 bats
  6 giant cockroaches
  6 goblins
  4 hobgoblins
  3 quokkas
  2 frilled lizards (D:2)
  3 kobolds
  7 rats
89 creatures vanquished.

Notes
Turn   | Place    | Note
-------+----------+-------------------------------------------
     0 | D:1      | 4thArraOfDagon the Hill Orc Fighter began the quest for the Orb.
     0 | D:1      | Reached XP level 1. HP: 19/19 MP: 1/1
    51 | D:1      | Reached skill level 3 in Axes
    88 | D:2      | Reached XP level 2. HP: 27/27 MP: 2/2
   208 | D:3      | Reached XP level 3. HP: 22/33 MP: 3/3
   322 | D:3      | Reached skill level 4 in Axes
   337 | D:3      | Reached XP level 4. HP: 22/40 MP: 4/4
   446 | D:4      | Noticed an ogre
   456 | D:5      | Entered Level 5 of the Dungeon
   468 | D:5      | Reached skill level 5 in Axes
   495 | D:5      | Became a worshipper of Beogh the Brigand
   530 | D:5      | Noticed a water moccasin
   542 | D:5      | Killed a water moccasin
   542 | D:5      | Reached XP level 5. HP: 31/47 MP: 5/5
   585 | D:5      | Reached skill level 5 in Fighting
   585 | D:5      | Reached skill level 6 in Axes
   585 | D:5      | Reached XP level 6. HP: 18/56 MP: 6/6
   658 | D:5      | Reached skill level 1 in Invocations
   823 | D:2      | Noticed Natasha
   828 | D:2      | Killed Natasha
   838 | D:2      | Found an iron altar of Okawaru.
   908 | D:2      | Noticed Natasha
   928 | D:2      | Killed Natasha
   928 | D:2      | Reached XP level 7. HP: 38/61 MP: 8/8
   934 | D:2      | Reached skill level 5 in Armour
   942 | D:2      | Reached skill level 7 in Axes
   999 | D:2      | Noticed Natasha
  1013 | D:2      | Killed Natasha
  1223 | D:1      | Reached * piety under Beogh
  1676 | D:4      | Found a hazy altar of Hepliaklqana.
  1801 | D:4      | Reached skill level 8 in Axes
  1976 | D:5      | Reached XP level 8. HP: 44/70 MP: 10/10
  2306 | D:6      | Found a blossoming altar of Fedhas.
  2350 | D:6      | Reached ** piety under Beogh
  2360 | D:6      | Reached skill level 9 in Axes
  2432 | D:6      | HP: 2/71 [wight/short sword of electrocution (20)]
  2437 | D:6      | Slain by a wight

Vault maps used:
D:1:      onia_arrival_mini_maze_b
D:2:      okawaru_gym_becter, uniq_natasha
D:3:      minmay_divided_ellipse
D:4:      lemuel_crystal_altar, first_ration
D:6:      serial_shops, nicolae_shop_trees, shop_fountains,
          nicolae_benzene_ring, minivault_26, minmay_misc_feat_more_columns,
          st_stairs_4, fedhas_altar_3

Skill      XL: |  1  2  3  4  5  6  7  8 |
---------------+-------------------------+-----
Axes           | 3 4 5 6 8 9 |  9.4
Fighting       | 4 5 6 |  6.8
Armour         | 4 5 |  5.0
Invocations    | 2 3 4 |  4.9
Shields        | |  3.2

Action                   |  1- 3 |  4- 6 |  7- 9 || total
-------------------------+-------+-------+-------++-------
Melee: War axe           |    45 |    86 |   209 ||   340
Invok: Convert to Beogh  |       |     1 |       ||     1
       Smiting           |       |       |     2 ||     2
  Use: Scroll            |       |     6 |     3 ||     9
       Potion            |       |     4 |     3 ||     7
 Stab: Invisible         |       |       |     2 ||     2
  Eat: Chunk             |       |       |     5 ||     5
Armor: Scale mail        |    20 |    43 |    93 ||   156
       Skin              |       |     3 |       ||     3
Dodge: Dodged            |    32 |    57 |   117 ||   206

Table legend:
 A = Spawn XP
 B = Non-spawn XP
 C = Spawn XP percentage of total XP
 D = Spawn monster count
 E = Non-spawn monster count
 F = Spawn count percentage of total count
 G = Total turns spent on level
                    A         B        C        D         E        F      G
               +---------+---------+-------+---------+---------+-------+---------
         Total |       0 |    1766 |   0.0 |       0 |      89 |   0.0 |  2437
               +---------+---------+-------+---------+---------+-------+---------
           D:1 |       0 |      21 |   0.0 |       0 |      11 |   0.0 |   269
           D:2 |       0 |     213 |   0.0 |       0 |      23 |   0.0 |   651
           D:3 |       0 |     233 |   0.0 |       0 |      24 |   0.0 |   551
           D:4 |       0 |     413 |   0.0 |       0 |       9 |   0.0 |   370
           D:5 |       0 |     537 |   0.0 |       0 |      11 |   0.0 |   418
           D:6 |       0 |     349 |   0.0 |       0 |      11 |   0.0 |   178
               +---------+---------+-------+---------+---------+-------+---------
